 Dungeon Crawl Stone Soup version 0.21.1-1-g345015fe64 (webtiles) character file.

1059 Peloso the Slasher (level 8, -3/70 HPs)
             Began as a Minotaur Fighter on June 14, 2018.
             Slain by a tentacled starspawn (15 damage)
             ... on level 1 of the Abyss.
             The game lasted 00:10:44 (5275 turns).

Peloso the Slasher (Minotaur Fighter)               Turns: 5275, Time: 00:10:44

Health: -3/70      AC: 13    Str: 21    XL:     8   Next: 6%
Magic:  7/7        EV:  7    Int:  5    God:
Gold:   242        SH: 10    Dex: 12    Spells: 7/7 levels left

rFire    . . .     SeeInvis .   a - +0 long sword
rCold    . . .     Gourm    .   c - +0 shield
rNeg     . . .     Faith    .   b - +0 chain mail
rPois    .         Spirit   .   (helmet restricted)
rElec    .         Reflect  .   (no cloak)
rCorr    .         Harm     .   (no gloves)
MR       .....                  e - +2 pair of boots
Stlth    ..........             (no amulet)
HPRegen  0.21/turn              p - ring of flight
MPRegen  0.10/turn              (no ring)

@: no status effects
A: retaliatory headbutt, horns 2
a: Evoke Flight


You were on level 1 of the Abyss.
You were not hungry.

You visited 1 branch of the dungeon, and saw 4 of its levels.
You visited the Abyss 1 time.

You collected 242 gold pieces.

Inventory:

Hand Weapons
 a - a +0 long sword (weapon)
Armour
 b - a +0 chain mail (worn)
 c - a +0 shield (worn)
 e - a +2 pair of boots (worn)
Jewellery
 p - a ring of flight (left hand)
 u - the ring of Tender Moments {MR+ MP+9 Str-4 Slay+3, unknown}
   (You found it on level 1 of the Abyss)

   [ring of magical power]

   It affects your strength (-4).
   It affects your accuracy and damage with ranged weapons and melee attacks
   (+3).
   It affects your resistance to hostile enchantments.
   It affects your magic capacity (+9).
Scrolls
 d - a scroll of remove curse {unknown}
 g - 3 scrolls of blinking {unknown}
 k - a scroll of amnesia {unknown}
 l - 3 scrolls of identify {unknown}
 m - a scroll of noise {unknown}
 n - 2 scrolls of enchant armour {unknown}
 o - 3 scrolls of teleportation {unknown}
 q - a scroll of magic mapping {unknown}
 s - a scroll of immolation {unknown}
Potions
 h - a potion of curing
 i - 2 potions of berserk rage {unknown}
 j - 3 potions of mutation {unknown}
 r - a potion of agility {unknown}
 t - a potion of heal wounds {unknown}
Comestibles
 f - 8 rations


   Skills:
 + Level 5.8 Fighting
 + Level 7.1 Long Blades
 + Level 6.3 Armour
 + Level 2.1 Dodging
 + Level 0.7 Stealth
 + Level 6.1 Shields


You had 7 spell levels left.
You didn't know any spells.

Dungeon Overview and Level Annotations

Branches:
Dungeon (4/15)
 Temple: D:4-7

Altars:
Wu Jian


Innate Abilities, Weirdness & Mutations

You reflexively headbutt those who attack you in melee.
You have a pair of horns on your head.


Message History

The tentacled starspawn bites you!!
The tentacled starspawn engulfs you but does no damage.
The starspawn tentacle grabs you. The starspawn tentacle constricts you.
Your shield and chain mail prevent you from hitting the tentacled starspawn.
The starspawn tentacle loses its grip on you.
You headbutt the tentacled starspawn.
The tentacled starspawn is moderately damaged.
The small abomination hits you!
* * * LOW HITPOINT WARNING * * *
You block the tentacled starspawn's attack. x2
You block the starspawn tentacle's attack.
The starspawn tentacle grabs you. The starspawn tentacle constricts you.
Unknown command.
You hit the tentacled starspawn.
The starspawn tentacle loses its grip on you.
The tentacled starspawn is moderately damaged.
The small abomination closely misses you.
You furiously retaliate!
You headbutt the small abomination! The tentacled starspawn bites you!
You die...

############
#..........#
#..#..x@...#
#.....wXw#.# #
##..........
#.............#
##.#..........#
#.#..........#
#######.§......§.#
. ..$............
####
#..........###


You could see a tentacled starspawn, a small abomination and 2 starspawn
tentacles.

Vanquished Creatures
  Grinder (D:4)
  Edmund (D:3)
  3 ogres (D:4)
  Blork the orc (D:4)
  A hound (D:4)
  An orc priest (D:4)
  Natasha (thrice) (D:3 D:4)
  2 orc wizards (D:4)
  A worker ant (D:2)
  A hound skeleton (D:3)
  Robin (D:4)
  A howler monkey skeleton (D:4)
  4 adders
  A gnoll (D:1)
  4 oozes
  An adder skeleton (D:4)
  A worm (D:2)
  3 dart slugs
  5 leopard geckos
  12 orcs (D:4)
  A ball python (D:1)
  4 giant cockroaches
  15 goblins
  10 hobgoblins
  7 jackals
  A quokka (D:3)
  4 bats
  2 frilled lizards (D:1)
  9 kobolds
  7 rats
108 creatures vanquished.

Vanquished Creatures (others)
  8 starspawn tentacles (Abyss:1)
8 creatures vanquished.

Grand Total: 116 creatures vanquished

Notes
Turn   | Place    | Note
-------+----------+-------------------------------------------
     0 | D:1      | Peloso the Minotaur Fighter began the quest for the Orb.
     0 | D:1      | Reached XP level 1. HP: 19/19 MP: 0/0
    59 | D:1      | Reached XP level 2. HP: 26/27 MP: 1/1
   461 | D:1      | Reached XP level 3. HP: 32/33 MP: 2/2
   497 | D:1      | Reached skill level 3 in Long Blades
   839 | D:2      | Reached XP level 4. HP: 40/41 MP: 3/3
  2027 | D:3      | Found an ornate altar of the Wu Jian Council.
  2202 | D:3      | Noticed Natasha
  2211 | D:3      | Killed Natasha
  2211 | D:3      | Reached skill level 4 in Long Blades
  2211 | D:3      | Reached XP level 5. HP: 47/47 MP: 4/4
  2222 | D:3      | Noticed Natasha
  2228 | D:3      | Killed Natasha
  2611 | D:4      | Reached skill level 5 in Fighting
  2670 | D:4      | Noticed Edmund
  2682 | D:4      | HP: 2/48 [Edmund/dire flail of draining (2)]
  2696 | D:4      | Noticed an ogre
  2990 | D:3      | Killed Edmund
  2990 | D:3      | Reached skill level 5 in Long Blades
  2990 | D:3      | Reached skill level 1 in Dodging
  2990 | D:3      | Reached skill level 5 in Shields
  2990 | D:3      | Reached XP level 6. HP: 29/56 MP: 5/5
  3160 | D:4      | Noticed Blork the orc
  3170 | D:4      | Killed Blork the orc
  3170 | D:4      | Reached skill level 5 in Armour
  3464 | D:4      | Noticed Natasha
  3470 | D:4      | Killed Natasha
  3505 | D:4      | Reached XP level 7. HP: 17/61 MP: 6/6
  3754 | D:4      | Noticed Robin
  3789 | D:4      | Killed Robin
  4005 | D:4      | Reached skill level 6 in Long Blades
  4600 | D:4      | Noticed Grinder
  4603 | D:4      | Paralysed by Grinder for 5 turns
  4613 | D:4      | Paralysed by Grinder for 6 turns
  4625 | D:4      | Paralysed by Grinder for 3 turns
  4630 | D:4      | Killed Grinder
  4980 | D:4      | Reached skill level 7 in Long Blades
  4980 | D:4      | Reached XP level 8. HP: 34/70 MP: 7/7
  5195 | D:4      | Cast into level 1 of the Abyss (a distortion unwield)
  5204 | Abyss:1  | Found a corrupted altar of Lugonu.
  5211 | Abyss:1  | Noticed a tentacled starspawn
  5261 | Abyss:1  | Got a crude golden ring
  5275 | Abyss:1  | Slain by a tentacled starspawn

Skill      XL: |  1  2  3  4  5  6  7 |
---------------+----------------------+-----
Fighting       | 4 5 |  5.8
Armour         | 4 5 6 |  6.3
Long Blades    | 3 4 5 7 |  7.1
Shields        | 4 5 6 |  6.1
Dodging        | 1 2 |  2.1
Stealth        | |  0.7

Action                   |  1- 3 |  4- 6 |  7- 9 || total
-------------------------+-------+-------+-------++-------
Melee: Long sword        |    72 |   134 |    84 ||   290
       Headbutt          |    17 |    34 |    21 ||    72
  Use: Potion            |       |     1 |     1 ||     2
  Eat: Chunk             |       |     8 |     6 ||    14
Armor: Scale mail        |    39 |    59 |    16 ||   114
       Chain mail        |       |       |    26 ||    26
Dodge: Dodged            |    14 |    35 |    27 ||    76
Block: Shield            |    30 |    68 |    47 ||   145
       Rpst.: Long sword |     4 |     9 |     9 ||    22
